 Dungeon Crawl Stone Soup version 0.16-a0-3496-g6490362 (webtiles) character file.

3129 Charly the Cleaver (level 9, -3/46 HPs)
             Began as a Vine Stalker Berserker on Jan 5, 2015.
             Was a Priest of Trog.
             Shot with an arrow by a centaur (4 damage)
             ... on level 4 of the Orcish Mines.
             The game lasted 00:27:12 (1901 turns).

Charly the Cleaver (Vine Stalker Berserker)         Turns: 1901, Time: 00:27:13

Health: -3/46      AC: 12    Str: 20    XL:     9   Next: 92%
Magic:  0/12       EV:  6    Int:  7    God:    Trog [***...]
Gold:   811        SH:  0    Dex: 17    Spells: 0 memorised, 8 levels left

rFire  + . .     SeeInvis .     c - 2 bread rations
rCold  . . .     Clarity  .     r - +0 plate armour {rF+}
rNeg   . . .     SustAb   .     (no shield)
rPois  +         Gourm    .     (no helmet)
rElec  .         Spirit   +     (no cloak)
rCorr  .         Warding  .     (no gloves)
rMut   .         Stasis   .     (no boots)
MR     +++..                    (no amulet)
Stlth  ..........               (no ring)
                                o - ring of poison resistance

@: exhausted, about to teleport, regenerating, slowed, very slow, extremely
resistant to hostile enchantments, extremely unstealthy
A: fangs 3, regeneration 2, magic shield, antimagic bite, no device heal 3, rot
immunity
a: Burn Spellbooks, Berserk, Trog's Hand, Renounce Religion


You were on level 4 of the Orcish Mines.
You worshipped Trog.
Trog was most pleased with you.
You were very hungry.

You visited 2 branches of the dungeon, and saw 13 of its levels.

You collected 811 gold pieces.

Inventory:

Hand weapons
 a - a +0 battleaxe
Missiles
 h - 3 javelins (quivered)
Armour
 r - a +0 plate armour of fire resistance (worn)
Jewellery
 o - a ring of poison resistance (left hand)
Magical devices
 l - a wand of flame (46)
Scrolls
 d - a scroll of immolation {unknown}
 f - a scroll of enchant armour {unknown}
 g - a scroll of teleportation
 j - a scroll of fear {unknown}
 m - a scroll of remove curse
 p - a scroll of enchant weapon {unknown}
 q - a scroll of recharging
Potions
 e - a potion of haste
 i - 2 potions of berserk rage {unknown}
 k - 3 potions of curing
 n - a potion of ambrosia {unknown}
Comestibles
 c - 2 bread rations (in hand)


   Skills:
 - Level 4.7 Fighting
 + Level 10.9 Axes
 + Level 4.6 Armour
 - Level 1.5 Dodging


You had 8 spell levels left.
You didn't know any spells.

Dungeon Overview and Level Annotations

Branches:
Dungeon (9/15)             Temple (0/1) D:4             Orc (4/4) D:9
    Elf (0/3) Orc:4
   Lair: D:8-11

Altars:
Elyvilon
Okawaru

Shops:
Orc:3 %

Annotations:
D:6 PolkaDot's ghost, experienced DrMo
Orc:4 Grum


Innate Abilities, Weirdness & Mutations

You have razor-sharp teeth.
You heal very quickly.
When hurt, damage is shared between your health and your magic reserves.
Your bite disrupts and absorbs the magic of your enemies.
Potions and wands cannot restore your health.
You are immune to rotting.


Message History

You swing at nothing.
You swing at nothing.
You swing at nothing.
Read which item? (? for menu, Esc to quit)
As you read the scroll of teleportation, it crumbles to dust.
You feel strangely unstable.
The centaur shouts!
The centaur wields a shortbow.
The centaur shoots an arrow.
The arrow hits you!
* * * LOW HITPOINT WARNING * * *
The centaur shoots an arrow.
The arrow hits you!
* * * LOW HITPOINT WARNING * * *
Drink which item? (? for menu, Esc to quit)
Okay, then.
Use which ability? (? or * to list)
Your skin crawls.
You feel resistant to hostile enchantments.
You feel slightly more hungry.
The centaur shoots an arrow.
The arrow hits you.
* * * LOW HITPOINT WARNING * * *
The centaur shoots an arrow.
The arrow hits you.
You die...

#.... #... . #..#....
### #..#.... ###
##.## ##.......
##.####...###...#....
#...##.......#..## ..
#.##............##..
##.#@.)..#..))#...^..
#.........##)##......
##......c.(()((..$...
#........(.)...(....
#.......#...........
##..................
#...)...............
#...................
##...................


You could see a centaur.

Vanquished Creatures
  A two-headed ogre (Orc:4)
  3 wargs
  9 orc warriors
  An ice beast (D:9)
  5 ogres
  A sky beast (D:7)
  The ghost of Gravitas the Shield-Bearer, an average FoFi (D:3)
  2 centaurs (Orc:4)
  2 giant frogs (D:9)
  Blork the orc (D:6)
  2 jellies
  8 orc priests
  A giant frog zombie (D:5)
  4 orc wizards
  An iguana (D:5)
  2 worker ants (D:5)
  Robin (D:3)
  4 adders
  A shadow imp (D:5)
  A giant mite (D:6)
  An adder skeleton (D:5)
  47 orcs
  2 bats
  A bat skeleton (D:7)
  A giant cockroach (D:1)
  13 goblins
  4 hobgoblins
  3 jackals (D:1)
  3 kobolds
  3 quokkas
  2 ball pythons
  A giant newt (D:3)
  3 rats
135 creatures vanquished.

Vanquished Creatures (others)
  A giant gecko (D:1)
1 creature vanquished.

Grand Total: 136 creatures vanquished

Notes
Turn   | Place    | Note
--------------------------------------------------------------
     0 | D:1      | Charly, the Vine Stalker Berserker, began the quest for the Orb.
     0 | D:1      | Reached XP level 1. HP: 11/11 MP: 1/1
    30 | D:1      | Reached skill level 3 in Axes
    53 | D:3      | Reached XP level 2. HP: 13/16 MP: 3/3
   135 | D:3      | Reached XP level 3. HP: 7/19 MP: 2/4
   171 | D:3      | Reached skill level 4 in Axes
   196 | D:3      | Noticed an orc priest
   200 | D:3      | Found a white marble altar of Elyvilon.
   212 | D:3      | Killed an orc priest
   212 | D:3      | Reached XP level 4. HP: 23/23 MP: 3/5
   233 | D:3      | Noticed Robin
   253 | D:3      | Killed Robin
   283 | D:3      | Noticed Gravitas' ghost (average FoFi)
   291 | D:3      | Killed Gravitas' ghost
   291 | D:3      | Reached skill level 5 in Axes
   291 | D:3      | Reached XP level 5. HP: 11/27 MP: 5/7
   394 | D:4      | Found a staircase to the Ecumenical Temple.
   400 | D:4      | Noticed an ogre
   410 | D:4      | Killed an ogre
   410 | D:4      | Reached skill level 6 in Axes
   410 | D:4      | Gained mutation: You heal very quickly. [vine stalker growth]
   410 | D:4      | Reached XP level 6. HP: 32/32 MP: 8/8
   419 | D:5      | Entered Level 5 of the Dungeon
   445 | D:5      | Found an iron altar of Okawaru.
   480 | D:5      | Acquired Trog's second power
   578 | D:6      | Noticed Blork the orc
   587 | D:6      | Killed Blork the orc
   587 | D:6      | Reached XP level 7. HP: 12/36 MP: 9/9
   599 | D:6      | Noticed PolkaDot's ghost (experienced DrMo)
   738 | D:7      | Reached skill level 7 in Axes
   779 | D:7      | HP: 1/54 [something (5)]
   855 | D:9      | Reached skill level 8 in Axes
   876 | D:9      | Gained mutation: You have razor-sharp teeth. [vine stalker growth]
   876 | D:9      | Reached XP level 8. HP: 40/40 MP: 8/11
   908 | D:9      | Found a staircase to the Orcish Mines.
   927 | D:9      | Reached skill level 9 in Axes
   974 | D:9      | HP: 1/40 [acid (10)]
  1067 | Orc:1    | Entered Level 1 of the Orcish Mines
  1115 | Orc:1    | Reached skill level 10 in Axes
  1200 | Orc:1    | Reached XP level 9. HP: 9/44 MP: 4/12
  1397 | Orc:3    | Found an iron altar of Okawaru.
  1398 | Orc:3    | Found Kheuc's Food Boutique.
  1448 | Orc:4    | Entered Level 4 of the Orcish Mines
  1498 | Orc:4    | Found a staircase to the Elven Halls.
  1549 | Orc:4    | HP: 1/45 [warg (2)]
  1869 | Orc:4    | Noticed Grum
  1901 | Orc:4    | HP: 1/46 [centaur/arrow (4)]
  1901 | Orc:4    | Shot with an arrow by a centaur

Action                   |  1- 3 |  4- 6 |  7- 9 || total
-------------------------+-------+-------+-------++-------
Melee: Hand axe          |    51 |    96 |   151 ||   298
       Battleaxe         |       |       |    83 ||    83
Throw: Javelin           |       |       |    13 ||    13
Invok: Berserk           |     2 |     3 |     6 ||    11
       Trog's Hand       |       |       |     5 ||     5
  Use: Scroll            |       |     1 |     7 ||     8
 Stab: Sleeping          |       |     1 |       ||     1
  Eat: Bread ration      |       |     1 |     1 ||     2
       Meat ration       |       |       |     1 ||     1
       Chunk             |       |       |     1 ||     1
